 Dungeon Crawl Stone Soup version 0.32-a0-391-gce5c0aa (webtiles) character file.

Game seed: 16210387199265678268

176908 sdynet the Marksgoblin (level 18, -2/147 HPs)
             Began as a Coglin Gladiator on Feb 18, 2024.
             Was the Champion of Cheibriados.
             Slain by a nagaraja
             ... wielding a +0 spear
              (13 damage)
             ... on level 4 of the Snake Pit on Feb 19, 2024.
             The game lasted 01:41:30 (27249 turns).

sdynet the Marksgoblin (Coglin Gladiator)          Turns: 27249, Time: 01:41:30

Health: -2/147     AC: 14    Str: 36    XL:     18   Next: 15%
Magic:  26/31      EV: 31    Int: 32    God:    Cheibriados [******]
Gold:   693        SH:  5    Dex: 40    Spells: 7/35 levels left

rFire   + . .        a - +9 hand cannon (freeze) {Sieglinde}
rCold   + . .        b - +0 sling (drain) {Tiberius}
rNeg    . . .        e - +3 leather armour {rC+ rF+}
rPois   +            A - +1 hat {Stlth+}
rElec   +            z - +1 cloak
rCorr   .            Q - +0 pair of gloves "Uzinidev" {+Blink Int+3 Slay+3}
SInv    .            j - +3 pair of mountain boots {steadfast, rC+}
Will    ++...        h - amulet of reflection
Stlth   ++++         N - ring of Vaullie Voig {+Blink rElec rC- Int+6 Dex+6}
HPRegen 0.44/turn    P - ring "Veduygei" {rElec rPois Will+}
MPRegen 0.22/turn

%: reflection, clarity
@: lethally poisoned (-2 -> -38), about to teleport, liquefying, fugue, on blink
cooldown, slowed movement, revved, stiff-legged, very slow
A: off-hand wielding, slow wielding, warmup strikes, warmup strides, clarity,
strong 1
a: Renounce Religion, Evoke Blink, Bend Time, Temporal Distortion, Slouch, Step
From Time


You were on level 4 of the Snake Pit.
You worshipped Cheibriados.
Cheibriados was exalted by your worship.
You visited 5 branches of the dungeon, and saw 27 of its levels.
You also visited: Sewer, Gauntlet and Ice Cave.

You collected 2992 gold pieces.
You spent 2299 gold pieces at shops.

Inventory:

Hand Weapons
 a - a +9 hand cannon of freezing (weapon) {Sieglinde}
 b - a +0 sling of draining (worn) {Tiberius}
Missiles
 d - 3 throwing nets
 Y - 9 curare-tipped darts
 Z - 20 poisoned darts
Armour
 e - a +3 leather armour of resistance (worn)
 j - the +3 pair of mountain boots (worn) {steadfast, rC+}
   (You bought it in a shop on level 1 of the Orcish Mines)

   Steadfast: It prevents involuntary movement, except for blinking,
   teleportation, or banishment.
   rC+:       It protects you from cold.
 z - a +1 cloak (worn)
 A - a +1 hat of stealth (worn)
 Q - the +0 pair of gloves "Uzinidev" (worn) {+Blink Int+3 Slay+3}
   (You found it in a Gauntlet)

   Int+3:     It affects your intelligence (+3).
   Slay+3:    It affects your accuracy & damage with ranged weapons and melee
   (+3).
   +Blink:    It lets you blink.
Jewellery
 h - an amulet of reflection (around neck)
 u - the ring of Daegram {rF+ EV+5 Str+4}
   (You found it on level 6 of the Dungeon)

   [ring of evasion]

   EV+5:      It affects your evasion (+5).
   Str+4:     It affects your strength (+4).
   rF+:       It protects you from fire.
 F - the ring of Dimoivef {rC+ Stlth+}
   (You found it on level 13 of the Dungeon)

   [ring of protection from cold]

   rC+:       It protects you from cold.
   Stlth+:    It makes you more stealthy.
 J - the ring of Onnuviri {rCorr Dex+2}
   (You found it in a Gauntlet)

   [ring of resist corrosion]

   Dex+2:     It affects your dexterity (+2).
   rCorr:     It protects you from acid and corrosion.
 M - a ring of see invisible
 N - the ring of Vaullie Voig (left grasper) {+Blink rElec rC- Int+6 Dex+6}
   (You found it on level 1 of the Orcish Mines)

   [ring of dexterity]

   Int+6:     It affects your intelligence (+6).
   Dex+6:     It affects your dexterity (+6).
   rC-:       It makes you vulnerable to cold.
   rElec:     It insulates you from electricity.
   +Blink:    It lets you blink.
 P - the ring "Veduygei" (right grasper) {rElec rPois Will+}
   (You bought it in a shop on level 2 of the Orcish Mines)

   [ring of willpower]

   rElec:     It insulates you from electricity.
   rPois:     It protects you from poison Will+: It increases your willpower.
Wands
 t - a wand of digging (11)
 v - a wand of iceblast (35)
 y - a wand of paralysis (10)
 K - a wand of flame (37)
 X - a wand of mindburst (23)
Scrolls
 f - 3 scrolls of silence {!r}
 p - 19 scrolls of teleportation {!r}
 r - 2 scrolls of fear {!r}
 w - 4 scrolls of fog {!r}
 x - 4 scrolls of blinking
 B - 2 scrolls of poison
 C - 2 scrolls of butterflies
 D - 2 scrolls of torment
 E - a scroll of vulnerability
 H - a scroll of revelation {!r}
 L - 2 scrolls of immolation
 R - a scroll of enchant armour
Potions
 g - 5 potions of lignification {!q}
 i - 6 potions of enlightenment {!q!q}
 k - 14 potions of curing {!q}
 m - 2 potions of invisibility {!q}
 n - a potion of ambrosia {!q}
 o - 6 potions of attraction
 s - 5 potions of heal wounds {!q}
 G - 2 potions of magic {!q}
 I - 2 potions of resistance {!q}
 O - 2 potions of cancellation {!q}
 S - 2 potions of brilliance {!q}
Miscellaneous
 c - a tin of tremorstones (inert)
 l - a phial of floods
 T - a sack of spiders (inert)
 U - a phantom mirror
 V - a lightning rod (inert)


   Skills:
 + Level 14.5 Fighting
 - Level 3.0 Axes
 + Level 17.8 Ranged Weapons
 - Level 1.7 Throwing
 - Level 1.0 Armour
 - Level 13.0 Dodging
 - Level 1.0 Stealth
 - Level 9.0 Spellcasting
 - Level 8.4 Hexes
 - Level 4.0 Necromancy
 - Level 3.0 Translocations
 + Level 4.9 Earth Magic
 - Level 5.0 Alchemy
 - Level 8.0 Invocations
 - Level 4.0 Evocations


You had 7 spell levels left.
You knew the following spells:

 Your Spells              Type           Power      Damage    Failure   Level
a - Jinxbite              Hex            100%       N/A       1%          2
b - Fugue of the Fallen   Necr           40%        N/A       2%          3
c - Cause Fear            Hex            31%        N/A       1%          4
d - Anguish               Hex/Necr       26%        N/A       3%          4
e - Leda's Liquefaction   Alch/Erth      23%        N/A       4%          4
f - Yara's Violent Unrav  Hex/Alch       27%        3d12      7%          5
q - Blink                 Tloc           66%        N/A       1%          2
A - Apportation           Tloc           66%        N/A       1%          1
P - Passwall              Erth           46%        N/A       1%          3

Your spell library contained the following spells:

 Spells                   Type           Power      Damage    Failure   Level
 Necrotise                Necr           100%       1d9       1%          1
 Sting                    Conj/Alch      100%       1d9       1%          1
 Ensorcelled Hibernation  Hex/Ice        82%        N/A       1%          2
 Lesser Beckoning         Tloc           66%        N/A       1%          2
 Dazzling Flash           Conj/Hex       82%        N/A       1%          3
 Summon Small Mammal      Summ           56%        N/A       3%          1
 Momentum Strike          Conj/Tloc      48%        3d9       3%          2
 Petrify                  Alch/Erth      46%        N/A       4%          4
 Static Discharge         Conj/Air       28%        3-5/arc   5%          2
 Volatile Blastmotes      Fire/Tloc      48%        2d14      6%          3
 Frozen Ramparts          Ice            28%        1d5       11%         3
 Swiftness                Air            14%        N/A       11%         3
 Manifold Assault         Tloc           33%        N/A       11%         4
 Alistair's Intoxication  Alch           30%        N/A       13%         5
 Borgnjor's Vile Clutch   Necr/Erth      21%        N/A       17%         5
 Metabolic Englaciation   Hex/Ice        20%        N/A       19%         5
 Vhi's Electric Charge    Tloc/Air       48%        N/A       21%         4
 Eringya's Noxious Bog    Alch           23%        4d6       58%         6
 Enfeeble                 Hex            31%        N/A       69%         7
 Arcjolt                  Conj/Air       7%         1d17      71%         5
 Fireball                 Conj/Fire      7%         3d5       71%         5
 Dispersal                Tloc           16%        N/A       86%         6
 Plasma Beam              Fire/Air       7%         2x1d17    99%         6
 Starburst                Conj/Fire      7%         6d4       99%         6
 Disjunction              Tloc           16%        N/A       100%        8
 Maxwell's Capacitive Co  Air            7%         ∞         100%        8
 Dragon's Call            Summ           7%         N/A       100%        9


Dungeon Overview and Level Annotations

Branches:
Dungeon (15/15)            Temple (1/1) D:4            Lair (5/5) D:10
 Shoals (0/4) Lair:2        Snake (4/4) Lair:2        Slime (0/5) Lair:4
    Orc (2/2) D:11            Elf (0/3) Orc:2        Vaults (0/5) D:14
 Depths (0/4) D:15          Sewer (visited)           IceCv (visited)
Gauntlet (visited)

Altars:
Ashenzari
Cheibriados
Dithmenos
Elyvilon
Fedhas
Gozag
Hepliaklqana
Kikubaaqudgha
Makhleb
Nemelex Xobeh
Okawaru
Qazlal
Ru
Sif Muna
Trog
Uskayaw
Vehumet
Wu Jian
Xom
Yredelemnul
Zin
The Shining One
Beogh
Jiyva

Shops:
D:1 [   D:6 :   D:11 [   Orc:1 *:   Orc:2 (=*[?   Snake:2 *   Snake:3 ?

Portals:
Trove: D:12 (give +2 ice dragon scales)

Annotations:
D:15 1 runed translucent door


Innate Abilities, Weirdness & Mutations

You can wield a second weapon in your off-hand.
It takes a long time for you to wield or remove held weapons.
Your first few attacks do less damage.
Your first movements take longer.
You possess an exceptional clarity of mind.
Your muscles are strong. (Str +4, Int/Dex -1)


Message History

The sling bullet hits the salamander mystic!
The salamander mystic is lightly wounded.
The fallen lash out in pain!
You feel sick.
The naga warrior roars a battlecry!
The nagas go into a battle-frenzy!
The nagaraja gestures wildly while chanting.
The nagaraja seems to speed up.
The naga mage spits poison at you.
The splash of poison hits you but does no damage.
You resist.
The salamander mystic points at the salamander mystic and mumbles some strange words.
The salamander mystic seems to speed up.
Fire: a) +9 hand cannon (freeze) {Sieglinde}
Press: ? - help, Shift-Dir - straight line, f/p - salamander mystic
Aim: a salamander mystic, wielding a +0 scimitar and wearing a +0 robe (heavily wounded, strong, 88% to hit)
Casting: Cause Fear (mildly dangerous; 1% risk of failure)
Confirm with . or Enter, or press ? or * to list all spells.
You blink.
A naga sharpshooter comes into view. It is wielding a +0 mace.
Found a scroll of identify, 5 stones and 18 gold pieces.
You feel sick. The nagaraja casts a spell at you. The poison arrow hits you!!
You are more poisoned.
You partially resist.
* * * LOW HITPOINT WARNING * * *
The nagaraja casts a spell at you. The poison arrow hits you!
You are lethally poisoned!
You partially resist.
* * * LOW HITPOINT WARNING * * *
The nagaraja spits poison at you. The splash of poison misses you.
The splash of poison hits the naga warrior.
The nagaraja mumbles some strange words.
The nagaraja seems to speed up.
A naga comes into view. It is wielding a +0 glaive.
The nagaraja hits you from afar with a +0 spear!
You die...
Cheibriados appreciates the motionlessness of death.

...........###......)....##
.............########N.)..#
..............# ##N...#
..............# ###.)○..##
..............## ..†.†N.##
.......##......#...NN..##
.....#####.....##..N####
....## #...###..NN(###
...## #..##..@.NN..?# ...#
##..#.....⌠..... ...#
##..##N..........
...#####...#....ß...ß..$
...##.....##.⌠.........⌠
..........#.....ß...ß...
.........##.............
........###.....ß...ßN..
........#


You could see 3 nagarajas, 2 naga warriors, a naga sharpshooter, 2 salamander
mystics, a naga mage (fast, strong) and 2 nagas.

Vanquished Creatures
  The ghost of arrowsters the Warrior, an adept OnMo of Beogh (Snake:1)
  Gastronok (Lair:1)
  4 nagarajas
  Donald (Snake:2)
  The ghost of bignoob the Skirmisher, a journeyman CoHu of Okawaru (Orc:1)
  A frost giant (IceCv)
  An orc warlord (Orc:2)
  A minotaur (Gauntlet)
  An ettin (D:13)
  A fire dragon (D:15)
  2 ice dragons
  2 rakshasas (D:15)
  8 vault guards (D:14)
  A salamander tyrant (Snake:3)
  3 ogre magi
  6 catoblepae
  3 hydras
  4 centaur warriors
  3 boulder beetles
  29 death yaks
  11 naga warriors
  14 two-headed ogres
  2 tengu warriors (D:15)
  10 anacondas
  An orc high priest (Orc:2)
  6 naga sharpshooters
  Nergalle (Orc:2)
  5 shock serpents
  A fire crab (Gauntlet)
  5 skysharks
  7 skeletal warriors
  2 salamander mystics (Snake:3)
  An arcanist (D:15)
  4 mana vipers
  4 naga ritualists
  Pikel (D:4)
  20 salamanders
  6 orc knights
  16 ugly things
  3 orc sorcerers
  3 oklob plants (Lair:4)
  Maurice (D:7)
  4 cyclopes
  6 manticores
  6 meliai
  A moth of wrath (Gauntlet)
  7 guardian serpents (Snake:4)
  7 naga magi
  An ice statue (IceCv)
  39 black mambas
  2 gargoyles
  11 cane toads
  An unseen horror (D:11)
  A torpor snail (Lair:3)
  A kobold demonologist (D:11)
  7 rime drakes
  A tengu conjurer (D:13)
  6 komodo dragons
  2 ice devils (D:12)
  8 trolls
  A queen bee (Gauntlet)
  Grinder (D:6)
  24 blink frogs
  4 polar bears (IceCv)
  5 slime creatures (D:13)
  2 vampires
  Sigmund (D:4)
  2 wyverns
  Eustachio (D:6)
  A shadow (D:10)
  3 fire bats (Gauntlet)
  4 wraiths
  Grum (D:8)
  A golden eye (shapeshifter) (D:13)
  A basilisk (D:13)
  65 yaks
  2 steam dragons
  2 vampire mosquitoes (D:12)
  3 neqoxecs (Orc:1)
  4 wargs
  Menkaure (D:5)
  An acid dragon (D:11)
  32 nagas
  2 hell hounds (Gauntlet)
  14 water moccasins
  Duvessa (D:6)
  29 orc warriors
  2 ice beasts
  2 sky beasts (D:7)
  15 ogres
  15 wolves
  A boggart (shapeshifter) (D:13)
  17 centaurs
  3 kobold brigands
  5 bullfrogs
  A gnoll sergeant (D:10)
  2 scorpions
  11 wights
  Dowan (D:6)
  16 killer bees
  5 bombardier beetles
  8 howler monkeys
  4 hounds
  3 quasits (Orc:1)
  22 orc priests
  4 jellies
  2 sleepcaps
  5 iguanas
  31 orc wizards
  5 hell rats (Lair:5)
  8 gnolls
  5 adders
  2 river rats (Sewer)
  2 shadow imps
  2 ufetubi (D:7)
  4 dart slugs
  5 ribbon worms
  72 orcs
  3 ball pythons
  9 endoplasms
  6 giant cockroaches
  9 goblins
  11 hobgoblins
  8 jackals
  10 kobolds
  3 quokkas
  6 bats
  5 frilled lizards
  18 rats
885 creatures vanquished.

Vanquished Creatures (others)
  A manticore (Lair:5)
1 creature vanquished.

Grand Total: 886 creatures vanquished

Notes
Turn   | Place    | Note
-------+----------+-------------------------------------------
     0 | D:1      | sdynet the Coglin Gladiator began the quest for the Orb.
     0 | D:1      | Reached XP level 1. HP: 16/16 MP: 1/1
    70 | D:1      | Reached XP level 2. HP: 23/23 MP: 2/2
    82 | D:1      | Reached skill level 1 in Stealth
   134 | D:1      | Reached XP level 3. HP: 29/29 MP: 3/3
   143 | D:1      | Found Ruet's Antique Armour Boutique.
   574 | D:1      | Reached XP level 4. HP: 37/37 MP: 4/4
  1695 | D:2      | Identified a scroll of acquirement
  1919 | D:3      | Reached XP level 5. HP: 41/43 MP: 5/5
  1940 | D:3      | Reached skill level 5 in Fighting
  2000 | D:3      | Learned a level 2 spell: Blink
  2180 | D:3      | Noticed an ogre
  2186 | D:3      | Killed an ogre
  2187 | D:3      | Reached XP level 6. HP: 35/52 MP: 6/6
  2246 | D:3      | Found a hazy altar of Hepliaklqana.
  2317 | D:3      | Upgraded the game from 0.32-a0-360-gcd93b57 to
                  | 0.32-a0-391-gce5c0aa
  2644 | D:4      | Found a staircase to the Ecumenical Temple.
  2646 | D:4      | Reached skill level 1 in Armour
  2658 | Temple   | Entered the Ecumenical Temple
  2684 | Temple   | Became a worshipper of Cheibriados the Contemplative
  2738 | D:4      | Reached skill level 1 in Ranged Weapons
  2904 | D:4      | Reached skill level 2 in Ranged Weapons
  2905 | D:4      | Found a glowing drain.
  2925 | Sewer    | Entered a sewer
  2932 | Sewer    | Reached * piety under Cheibriados
  3000 | Sewer    | Reached skill level 3 in Ranged Weapons
  3000 | Sewer    | Reached XP level 7. HP: 49/58 MP: 7/7
  3074 | Sewer    | Found a white marble altar of Elyvilon.
  3116 | D:4      | Noticed Pikel
  3137 | D:4      | Killed Pikel
  3138 | D:4      | Reached skill level 6 in Ranged Weapons
  3138 | D:4      | Reached XP level 8. HP: 39/64 MP: 8/8
  3415 | D:4      | Found an opulent altar of Gozag.
  3477 | D:4      | Reached skill level 7 in Ranged Weapons
  3682 | D:4      | Reached ** piety under Cheibriados
  3739 | D:4      | Noticed Sigmund
  3744 | D:4      | Killed Sigmund
  3866 | D:5      | Entered Level 5 of the Dungeon
  3927 | D:5      | Noticed Menkaure
  3929 | D:5      | Killed Menkaure
  3930 | D:5      | Reached skill level 8 in Ranged Weapons
  4074 | D:5      | Reached XP level 9. HP: 67/69 MP: 9/9
  4201 | D:5      | Reached skill level 9 in Ranged Weapons
  4474 | D:5      | Found a shimmering blue altar of Sif Muna.
  4479 | D:5      | Learned a level 3 spell: Fugue of the Fallen
  4485 | D:5      | Found a burning altar of Makhleb.
  4489 | D:5      | Reached *** piety under Cheibriados
  4569 | D:5      | Reached skill level 1 in Necromancy
  4569 | D:5      | Reached skill level 1 in Translocations
  4785 | D:5      | Reached skill level 1 in Spellcasting
  5169 | D:6      | Found Qyapach's Book Boutique.
  5176 | D:6      | Noticed Eustachio
  5190 | D:6      | Killed Eustachio
  5216 | D:6      | Noticed Duvessa
  5220 | D:6      | Noticed Dowan
  5230 | D:6      | Killed Duvessa
  5236 | D:6      | Killed Dowan
  5312 | D:6      | Noticed Grinder
  5316 | D:6      | Killed Grinder
  5317 | D:6      | Reached skill level 10 in Ranged Weapons
  5317 | D:6      | Reached skill level 1 in Invocations
  5321 | D:6      | Reached XP level 10. HP: 67/76 MP: 14/14
  5449 | D:6      | Identified the ring of Daegram {rF+ EV+5 Str+4}
  5462 | D:6      | Reached **** piety under Cheibriados
  6068 | D:7      | Found an ornate altar of the Wu Jian Council.
  6093 | D:7      | Noticed Maurice
  6104 | D:7      | Something stole a +6 ring of strength
  6105 | D:7      | Something stole 2 curare-tipped darts
  6108 | D:7      | Killed Maurice
  6901 | D:8      | Reached skill level 11 in Ranged Weapons
  6917 | D:8      | Reached ***** piety under Cheibriados
  7113 | D:8      | Noticed Grum
  7119 | D:8      | Reached skill level 1 in Evocations
  7123 | D:8      | Killed Grum
  7280 | D:8      | Reached XP level 11. HP: 81/81 MP: 15/15
  7589 | D:9      | Acquired a manual of Dodging
  7611 | D:9      | Found a broken altar of Ashenzari.
  7935 | D:9      | Reached skill level 12 in Ranged Weapons
  7944 | D:9      | Learned a level 3 spell: Passwall
  8462 | D:10     | Entered Level 10 of the Dungeon
  8678 | D:10     | Noticed a +0 dagger
  8678 | D:10     | Noticed a +0 hand axe
  8679 | D:10     | Found a hide-covered altar of Uskayaw.
  8698 | D:10     | Found a staircase to the Lair.
  8905 | D:11     | Noticed a manticore
  8905 | D:11     | Found a staircase to the Orcish Mines.
  8905 | D:11     | Found Rouqom's Armour Emporium.
  8913 | D:11     | Killed a manticore
  9036 | D:11     | Found a sparkling altar of Nemelex Xobeh.
  9043 | D:11     | Reached skill level 5 in Dodging
  9655 | D:11     | Learned a level 4 spell: Cause Fear
  9772 | D:11     | Noticed a cyclops
  9776 | D:11     | Killed a cyclops
  9818 | D:11     | Noticed a manticore
  9829 | D:11     | Killed a manticore
  9954 | Lair:1   | Entered Level 1 of the Lair of Beasts
  9965 | Lair:1   | Reached skill level 5 in Spellcasting
  9965 | Lair:1   | Reached XP level 12. HP: 92/92 MP: 19/19
 10094 | Lair:1   | Noticed a death yak
 10094 | Lair:1   | Noticed a death yak
 10095 | Lair:1   | Noticed a death yak
 10097 | Lair:1   | Noticed a death yak
 10098 | Lair:1   | Noticed a death yak
 10099 | Lair:1   | Noticed a death yak
 10107 | Lair:1   | Killed a death yak
 10111 | Lair:1   | Killed a death yak
 10114 | Lair:1   | Killed a death yak
 10117 | Lair:1   | Killed a death yak
 10120 | Lair:1   | Killed a death yak
 10122 | Lair:1   | Killed a death yak
 10348 | Lair:1   | Noticed Gastronok
 10361 | Lair:1   | Killed Gastronok
 10362 | Lair:1   | Reached skill level 5 in Invocations
 10364 | Lair:1   | Noticed an ice dragon
 10378 | Lair:1   | Killed an ice dragon
 10596 | Lair:1   | Reached skill level 13 in Ranged Weapons
 10627 | Lair:1   | Reached ****** piety under Cheibriados
 10750 | Lair:1   | Reached XP level 13. HP: 99/101 MP: 22/22
 11414 | Lair:2   | Reached skill level 1 in Hexes
 11737 | Lair:2   | Found a staircase to the Shoals.
 11986 | Lair:2   | Found a staircase to the Snake Pit.
 12231 | Lair:3   | Reached skill level 10 in Dodging
 12471 | D:6      | Bought a book of Misfortune for 510 gold pieces
 12474 | D:6      | Learned a level 2 spell: Jinxbite
 12666 | Lair:3   | Reached skill level 10 in Fighting
 12666 | Lair:3   | Reached skill level 1 in Earth Magic
 14565 | Lair:4   | Found a viscous altar of Jiyva.
 14646 | Lair:4   | Found a staircase to the Slime Pits.
 14906 | Lair:5   | Entered Level 5 of the Lair of Beasts
 14989 | Lair:5   | Reached skill level 14 in Ranged Weapons
 14989 | Lair:5   | Reached XP level 14. HP: 111/111 MP: 18/23
 15419 | Lair:5   | Reached skill level 5 in Hexes
 17075 | D:12     | Found a frozen archway.
 17100 | IceCv    | Entered an ice cave
 17108 | IceCv    | Reached XP level 15. HP: 122/122 MP: 19/24
 17449 | IceCv    | Noticed a frost giant
 17454 | IceCv    | Killed a frost giant
 17654 | D:12     | Found a portal to a secret trove of treasure.
 18002 | D:12     | Learned a level 4 spell: Anguish
 18046 | Orc:1    | Entered Level 1 of the Orcish Mines
 18052 | Orc:1    | You fall into a shaft and drop 1 floor!
 18052 | Orc:2    | Entered Level 2 of the Orcish Mines
 18066 | Orc:2    | Found a staircase to the Elven Halls.
 18117 | Orc:2    | Noticed an orc warlord
 18131 | Orc:2    | Killed an orc warlord
 18177 | Orc:2    | Noticed Nergalle
 18180 | Orc:2    | Killed Nergalle
 18213 | Orc:2    | Found a roughly hewn altar of Beogh.
 18223 | Orc:2    | Found Acreinto's Jewellery Boutique.
 18231 | Orc:2    | Found Cirro's Antique Weapon Boutique.
 18329 | Orc:2    | Found Dor Afi's Antique Armour Boutique.
 18344 | Orc:2    | Found Womn's General Store.
 18367 | Orc:2    | Bought the ring "Veduygei" {rElec rPois Will+} for 475 gold
                  | pieces
 18617 | Orc:2    | Found Wakk's Magic Scroll Boutique.
 18629 | Orc:2    | Bought 2 scrolls of identify for 52 gold pieces
 18631 | Orc:2    | Bought a scroll of identify for 26 gold pieces
 18632 | Orc:2    | Bought a scroll of identify for 26 gold pieces
 18632 | Orc:2    | Bought a scroll of poison for 52 gold pieces
 18734 | Orc:1    | Found a transporter.
 18769 | Orc:1    | Found Foymaw's Book Boutique.
 18888 | Orc:1    | Noticed bignoob's ghost (journeyman CoHu)
 19029 | Orc:1    | Found a transporter.
 19073 | Orc:1    | Killed bignoob's ghost
 19079 | Orc:1    | Identified the ring of Vaullie Voig {+Blink rElec rC- Int+6
                  | Dex+6}
 19157 | Orc:1    | Found Uvecho's General Store.
 19606 | Orc:1    | Bought the +3 pair of mountain boots {steadfast, rC+} for
                  | 536 gold pieces
 19606 | Orc:1    | Found the +3 pair of mountain boots {steadfast, rC+}
 19750 | D:13     | Found a gate leading to a gauntlet.
 19806 | Gauntlet | Entered a Gauntlet
 19806 | Gauntlet | Found a transporter.
 19815 | Gauntlet | Found a transporter.
 19817 | Gauntlet | Found a transporter.
 19819 | Gauntlet | Found a transporter.
 19847 | Gauntlet | Found a transporter.
 19849 | Gauntlet | Found a transporter.
 19864 | Gauntlet | Found a transporter.
 19880 | Gauntlet | Found a transporter.
 19888 | Gauntlet | Found a transporter.
 19906 | Gauntlet | Found a transporter.
 19923 | Gauntlet | Found a transporter.
 19953 | Gauntlet | Found a transporter.
 19983 | Gauntlet | Found a transporter.
 20013 | Gauntlet | Found a transporter.
 20020 | Gauntlet | Found a transporter.
 20043 | Gauntlet | Found a transporter.
 20048 | Gauntlet | Found a transporter.
 20097 | Gauntlet | Found a transporter.
 20217 | Gauntlet | Identified the ring of Onnuviri {rCorr Dex+2}
 20247 | Gauntlet | Reached XP level 16. HP: 131/131 MP: 22/27
 20270 | Gauntlet | Identified the +0 pair of gloves "Uzinidev" {+Blink Int+3
                  | Slay+3}
 20328 | Gauntlet | Identified the +1 scale mail of Tekac {Int+2}
 20639 | D:13     | Identified the +8 arbalest of Moderation {flame, Str-4
                  | Int+4 SInv}
 20642 | D:13     | Identified the ring of Dimoivef {rC+ Stlth+}
 20645 | D:13     | Identified the +7 great sword "Geqas" {freeze, rC++}
 20963 | D:13     | Acquired a +2 hand cannon of freezing
 21089 | Lair:1   | Gained mutation: Your muscles are strong. (Str +4, Int/Dex
                  | -1) [potion of mutation]
 21089 | Lair:1   | Gained mutation: You possess an exceptional clarity of
                  | mind. [potion of mutation]
 21327 | D:14     | Found a gate to the Vaults.
 21967 | D:14     | Found a glowing silver altar of Zin.
 21967 | D:14     | Found a white marble altar of Elyvilon.
 21968 | D:14     | Found a glowing golden altar of the Shining One.
 22101 | D:15     | Entered Level 15 of the Dungeon
 22250 | D:15     | Reached skill level 15 in Ranged Weapons
 22312 | D:15     | Found a runed translucent door.
 22594 | D:15     | Found a staircase to the Depths.
 22676 | D:15     | Reached skill level 16 in Ranged Weapons
 23331 | D:15     | Learned a level 1 spell: Apportation
 23337 | D:15     | Learned a level 5 spell: Yara's Violent Unravelling
 23581 | Snake:1  | Entered Level 1 of the Snake Pit
 23592 | Snake:1  | Reached skill level 1 in Alchemy
 23598 | Snake:1  | Reached XP level 17. HP: 137/139 MP: 29/29
 23820 | Snake:1  | Got Baigoqai's Handbook of Electricity
 23826 | Snake:1  | Learned a level 4 spell: Leda's Liquefaction
 23849 | Snake:1  | Found a runed translucent door.
 23849 | Snake:1  | Noticed arrowsters's ghost (adept OnMo)
 23869 | Snake:1  | Killed arrowsters's ghost
 24486 | Snake:2  | Noticed Donald
 24493 | Snake:2  | Killed Donald
 24520 | Snake:2  | Reached skill level 17 in Ranged Weapons
 24729 | Snake:2  | Found Dicelaam's General Store.
 24737 | Snake:2  | Bought a potion of invisibility for 160 gold pieces
 25523 | Snake:3  | Found Osim's Magic Scroll Shoppe.
 25534 | Snake:3  | Bought a scroll of enchant weapon for 90 gold pieces
 25534 | Snake:3  | Bought a scroll of blinking for 90 gold pieces
 25534 | Snake:3  | Bought a scroll of immolation for 48 gold pieces
 25534 | Snake:3  | Bought a scroll of immolation for 48 gold pieces
 25534 | Snake:3  | Bought a scroll of enchant armour for 90 gold pieces
 25534 | Snake:3  | Bought a scroll of poison for 48 gold pieces
 25534 | Snake:3  | Bought a scroll of fear for 48 gold pieces
 26233 | Snake:3  | Identified the blade talisman of Tomorrow {MP+9}
 26467 | Snake:4  | Entered Level 4 of the Snake Pit
 27179 | Snake:4  | Reached XP level 18. HP: 139/147 MP: 28/30
 27213 | Snake:4  | Reached skill level 5 in Alchemy
 27249 | Snake:4  | Slain by a nagaraja

Illustrated notes

Levels and vault maps discovered:
D:1:      psy_arrival_dodecagon, layout_loops_corners, serial_shops, shop,
          serial_bayou, serial_bayou_pond_b, serial_bayou_lagoon_a,
          serial_bayou_shore_a, serial_bayou_lake_a, serial_bayou_pond_b
D:2:      layout_loops_cross, dreamdust_mushroom_princess
D:3:      layout_loops_cross, mainiacjoe_overflow_chevrons
D:4:      layout_loops_ring, grunt_gozag_breadcrumbs,
          minmay_temple_entry_offerings, cheibrodos_sewer_entry_drain,
          uniq_sigmund, uniq_pikel
D:5:      layout_basic, mainiacjoe_overflow_catwalk_spiral, serial_rivers,
          chequers_serial_rivers_room_a, chequers_serial_rivers_large_a,
          chequers_serial_rivers_micro_c, chequers_serial_rivers_micro_b,
          chequers_serial_rivers_micro_a, chequers_serial_rivers_marsh,
          uniq_menkaure
D:6:      layout_basic, serial_shops, nicolae_shop_peninsula, uniq_eustachio,
          uniq_grinder, uniq_duvessa
D:7:      layout_loops_ring, mainiacjoe_overflow_boulevard, uniq_maurice
D:8:      layout_basic, uniq_grum
D:9:      layout_loops_ring, cheibrodos_ashenzari_chains
D:10:     layout_big_octagon, dancing_weapons_uskayaw, grunt_decor_fettered
D:11:     layout_roguey, orc_david_3, nemelex_altar_shiori
D:12:     layout_loops_cross, enter_trove_1, portal_ice_cave_demonic_guard
D:13:     kennysheep_spiral_hall, layout_rooms, gauntlet_entry_generic,
          minmay_checkered_concentric_circles
D:14:     layout_loops_ring, erik_vaults_2, good_gods_temple_1
D:15:     grunt_enter_depths_hoard, layout_grid_maze, nicolae_danse_macabre
Temple:   nicolae_temple_superstar
Lair:1:   dragon1_lemuel, layout_regular_city, nicolae_lair_grove_arrangements,
          uniq_gastronok
Lair:2:   layout_long_grid, minmay_shoals_entry_centaurs,
          alex1729_snake_entry_snake
Lair:3:   layout_chaotic_city, grunt_megastairs_4
Lair:4:   layout_small_grid, minmay_slime_entry_oklob_enclosed, st_stairs_9,
          chequers_serial_rivers_small_a
Lair:5:   evilmike_catoblepas_cave, layout_hall_layers,
          chequers_serial_rivers_micro_c
Snake:1:  layout_basic, gammafunk_ghost_grave
Snake:2:  layout_basic, serial_shops, shop, uniq_donald
Snake:3:  layout_layer_cave, serial_shops, nicolae_shop_tiny_waterfront
Snake:4:  grunt_snake_rune_serpentine_throne, layout_cave_town
Orc:1:    layout_caves, gammafunk_ghost_stat_death, serial_shops, shop_statue,
          guppyfry_orc_lava_fort
Orc:2:    grunt_orc_cross, layout_diamond_mine, serial_shops, shop

Skill      XL: |  1  2  3  4  5  6  7  8  9 10 11 12 13 14 15 16 17 18 |
---------------+-------------------------------------------------------+-----
Stealth        | 1 |  1.0
Fighting       | 3 4 6 7 9 10 12 13 14 | 14.5
Dodging        | 3 6 8 11 12 13 | 13.0
Armour         | 1 |  1.0
Ranged Weapons | 3 6 8 10 11 12 13 14 16 17 | 17.8
Necromancy     | 2 3 4 |  4.0
Translocations | 2 3 |  3.0
Spellcasting   | 3 5 6 7 8 9 |  9.0
Invocations    | 1 3 4 5 6 7 8 |  8.0
Evocations     | 1 2 4 |  4.0
Hexes          | 4 6 8 |  8.4
Earth Magic    | 1 4 |  4.9
Alchemy        | 2 4 5 |  5.0
Axes           | |  3.0
Throwing       | |  1.7

Action                     |  1- 3 |  4- 6 |  7- 9 | 10-12 | 13-15 | 16-18 || total
---------------------------+-------+-------+-------+-------+-------+-------++-------
  Melee: War axe           |    53 |    76 |       |       |       |       ||   129
         Dagger            |    19 |    67 |       |       |       |       ||    86
         Sling             |       |       |       |     4 |       |       ||     4
   Fire: Sling             |       |   162 |   430 |  1090 |  1782 |   557 ||  4021
         Hand cannon       |       |       |       |       |       |   403 ||   403
  Throw: Dart              |       |       |       |       |     4 |     1 ||     5
   Cast: Fugue of the Fall |       |       |       |     5 |    45 |    40 ||    90
         Blink             |       |       |       |     1 |     2 |     2 ||     5
         Jinxbite          |       |       |       |       |    72 |     7 ||    79
         Cause Fear        |       |       |       |       |     2 |     3 ||     5
         Anguish           |       |       |       |       |       |     3 ||     3
         Yara's Violent Un |       |       |       |       |       |     2 ||     2
         Leda's Liquefacti |       |       |       |       |       |     2 ||     2
 Invoke: Slouch            |       |       |       |     2 |     2 |     1 ||     5
         Bend Time         |       |       |       |     1 |       |       ||     1
  Evoke: Wand              |       |       |     6 |    12 |    13 |     8 ||    39
         Lightning rod     |       |       |       |       |       |    10 ||    10
         Tin of tremorston |       |       |       |       |       |     4 ||     4
         Sack of spiders   |       |       |       |       |       |     1 ||     1
    Use: Scroll            |       |     6 |     6 |     8 |    14 |    19 ||    53
         Potion            |       |     1 |     3 |     1 |     3 |     1 ||     9
   Stab: Sleeping          |       |     2 |       |       |       |       ||     2
 Armour: Leather armour    |    19 |    59 |     9 |       |    21 |    92 ||   200
         Robe              |       |       |    39 |    83 |    65 |       ||   187
  Dodge: Dodged            |    33 |    62 |    45 |   164 |   276 |   183 ||   763
  Block: Other             |       |    15 |    16 |    39 |    49 |    40 ||   159
         Reflection        |       |     1 |     4 |     4 |     4 |     7 ||    20

Table legend: (Time is in decaauts)
 A = Elapsed time spent in this place.
 B = Non-inter-level travel time spent in this place.
 C = Inter-level travel time spent in this place.
 D = Time resting spent in this place.
 E = Time spent auto-exploring this place.
 F = Levels seen in this place.
 G = Mean time per level.
                   A        B        C        D        E       F      G
               +--------+--------+--------+--------+--------+-----+--------+
         Total |  43548 |  38312 |   5236 |    144 |  30441 |  30 | 1451.6 |
       Dungeon |  21026 |  18270 |   2756 |     68 |  14783 |  15 | 1401.7 |
        Temple |     60 |      3 |     57 |      0 |      0 |   1 |   60.0 |
          Lair |  11393 |  10099 |   1294 |     47 |   8796 |   5 | 2278.6 |
     Snake Pit |   6279 |   5573 |    706 |     29 |   4750 |   4 | 1569.8 |
  Orcish Mines |   2638 |   2218 |    420 |      0 |   1529 |   2 | 1319.0 |
         Sewer |    283 |    283 |      0 |      0 |    200 |   1 |  283.0 |
      Ice Cave |    890 |    890 |      0 |      0 |    365 |   1 |  890.0 |
      Gauntlet |    975 |    975 |      0 |      0 |     17 |   1 |  975.0 |
               +--------+--------+--------+--------+--------+-----+--------+

Top non-repeatable levels by time:
  Lair:4: 2803 daAuts
  Lair:5: 2510 daAuts
  Lair:1: 2328 daAuts
  Lair:2: 2272 daAuts
 Snake:3: 2116 daAuts
    D:15: 2047 daAuts
    D:11: 1807 daAuts
 Snake:2: 1684 daAuts
     D:9: 1667 daAuts
    D:14: 1608 daAuts
     D:8: 1567 daAuts
     D:5: 1565 daAuts
    D:13: 1528 daAuts
  Lair:3: 1478 daAuts
 Snake:1: 1450 daAuts
